 Dungeon Crawl Stone Soup version 0.21.1-1-g345015fe64 (webtiles) character file.

13675 DildoBatman the Jinx (level 12, -17/88 HPs)
             Began as a Formicid Wizard on Apr 28, 2018.
             Was a High Priest of Sif Muna.
             Killed from afar by htuhola's ghost (32 damage)
             ... with a flame tongue
             ... on level 10 of the Dungeon.
             The game lasted 00:56:33 (13001 turns).

DildoBatman the Jinx (Formicid Wizard)             Turns: 13001, Time: 00:56:34

Health: -17/88     AC: 10    Str: 18    XL:     12   Next: 35%
Magic:  6/21       EV: 12    Int: 22    God:    Sif Muna [*****.]
Gold:   714        SH: 10    Dex:  9    Spells: 15/23 levels left

rFire    . . .     SeeInvis +   b - +1 trident (protect)
rCold    . . .     Gourm    .   e - -1 shield (curse)
rNeg     . . .     Faith    .   o - +0 troll leather armour
rPois    .         Spirit   .   (helmet unavailable)
rElec    .         Reflect  .   (no cloak)
rCorr    .         Harm     .   w - +0 pair of gloves
MR       ++...                  (no boots)
Stlth    ++........             (no amulet)
HPRegen  0.64/turn              n - ring of protection from magic
MPRegen  0.17/turn              u - +4 ring of protection

@: mighty
A: permanent stasis, dig shafts and tunnels, four strong arms, antennae 3
a: Dig, Shaft Self, Divine Energy, Channel Magic, Forget Spell, Renounce
Religion


You were on level 10 of the Dungeon.
You worshipped Sif Muna.
Sif Muna was extremely pleased with you.
You were near starving.

You visited 3 branches of the dungeon, and saw 15 of its levels.

You collected 714 gold pieces.

Inventory:

Hand Weapons
 a - a +1 spear of venom
 b - a +1 trident of protection (weapon)
 G - a +1 whip of venom
Missiles
 c - 75 stones (quivered)
 f - 40 arrows
 g - 2 silver tomahawks
 r - 29 poisoned needles
 s - 20 sling bullets
 B - 46 bolts
Armour
 e - a cursed -1 shield (worn)
 o - a +0 troll leather armour (worn)
 w - a +0 pair of gloves (worn)
Jewellery
 i - an uncursed ring of flight
 n - a ring of protection from magic (left hand)
 u - a +4 ring of protection (right hand)
 A - an uncursed ring of magical power
 E - a +3 ring of strength
Wands
 l - a wand of flame (26)
 p - a wand of iceblast (4)
 q - a wand of disintegration (16)
Scrolls
 d - a scroll of enchant armour {unknown}
 h - a scroll of random uselessness {unknown}
 k - a scroll of amnesia {unknown}
 m - a scroll of fear {unknown}
 x - 4 scrolls of remove curse
 y - a scroll of fog
 z - 12 scrolls of identify
 H - a scroll of blinking {unknown}
 I - a scroll of magic mapping {unknown}
Potions
 j - a potion of lignification {unknown}
 t - 2 potions of might
 C - a potion of curing {unknown}
 D - a potion of degeneration {unknown}
 J - 2 potions of brilliance {unknown}
Books
 F - Sif Muna's Compendium of Weightlessness
   (Sif Muna gifted it to you on level 12 of the Dungeon)

   Spells                             Type                      Level
   a - Airstrike                      Air                          4
   b - Summon Lightning Spire         Summoning/Air                4
 K - a book of Spatial Translocations

   Spells                             Type                      Level
   a - Blink                          Translocation                2
   b - Shroud of Golubria             Charms/Translocation         2
   c - Lesser Beckoning               Translocation                3
   d - Gell's Gravitas                Translocation                3
   e - Teleport Other                 Translocation                3
   f - Passage of Golubria            Translocation                4
Comestibles
 v - 29 rations


   Skills:
 - Level 6.1 Fighting
 - Level 3.6 Polearms
 - Level 5.4 Armour
 - Level 3.0 Dodging
 - Level 5.0 Stealth
 - Level 9.0 Shields
 - Level 6.0 Spellcasting
 - Level 4.0 Conjurations
 - Level 10.1 Hexes
 - Level 1.0 Summonings
   Level 0.8 Translocations
 - Level 4.1 Air Magic
 * Level 9.9 Poison Magic
 - Level 4.0 Evocations


You had 15 spell levels left.
You knew the following spells:

 Your Spells              Type           Power        Failure   Level  Hunger
a - Slow                  Hex            ######..     1%          2    None
c - Magic Dart            Conj           ###.         1%          1    None
e - Mephitic Cloud        Conj/Pois/Air  ####....     2%          3    #......
f - Call Imp              Summ           ##......     11%         2    None


Dungeon Overview and Level Annotations

Branches:
Dungeon (13/15)            Temple (1/1) D:6            Lair (0/6) D:8
    Orc (1/2) D:12
 Vaults: D:13-14

Altars:
Ashenzari
Cheibriados
Dithmenos
Elyvilon
Fedhas
Gozag
Hepliaklqana
Kikubaaqudgha
Makhleb
Nemelex Xobeh
Okawaru
Qazlal
Ru
Sif Muna
Trog
Uskayaw
Vehumet
Wu Jian
Xom
Yredelemnul
Zin
The Shining One

Annotations:
D:6 Ivernyr's ghost, novice DsSk
D:10 htuhola's ghost, journeyman DrFE
D:11 Urug
D:12 Nergalle


Innate Abilities, Weirdness & Mutations

You cannot be hasted, slowed, berserked, paralysed or teleported.
You can dig through walls and to a lower floor.
Your four strong arms can wield two-handed weapons with a shield.
You have a pair of large antennae on your head. (SInv)


Message History

Htuhola's ghost hits you but does no damage.
Htuhola's ghost hits you. Htuhola's ghost burns you.
There is a stone staircase leading down here.
Htuhola's ghost hits you. Htuhola's ghost burns you.
There is a stone staircase leading down here.
Htuhola's ghost points at you and mumbles some strange words.
The puff of flame hits you!
You extend your mandibles.
You dig through the rock wall.
You dig through the rock wall.
You are near starving!
You dig through the rock wall.
You dig through the rock wall.
You retract your mandibles.
There is a stone staircase leading down here.
Htuhola's ghost gestures at you while chanting.
The flame tongue hits you!
You die...

#..##..# #........# #.#
##..##[.####.######.## #.#
....##.......#####...## #.#
######................#####.#
#######.##.#...........#
#.#.#.##.######### #..#W###.#
#.###.##.# #....@..>#
##########


You could see htuhola's ghost.

Vanquished Creatures
  5 two-headed ogres
  2 ugly things
  2 centaur skeletons
  A komodo dragon (D:8)
  4 trolls
  2 hippogriffs
  A shadow (D:11)
  A spriggan (D:8)
  Eustachio (D:4)
  11 yaks
  A wraith (D:12)
  A basilisk (D:12)
  Grum (D:9)
  Menkaure (D:7)
  2 wargs (D:12)
  3 orc warriors
  2 phantoms (D:12)
  2 black bears
  2 eyes of draining
  3 ice beasts
  3 sky beasts
  2 necrophages (D:10)
  4 wolves (D:9)
  4 ogres
  A centaur (D:9)
  2 big kobolds
  3 bullfrogs
  A gnoll sergeant (D:9)
  A wyvern skeleton (D:9)
  3 scorpions
  15 killer bees
  3 howler monkeys (D:9)
  4 crimson imps
  2 bullfrog zombies
  3 hounds
  6 jellies
  6 orc priests
  2 iguanas
  13 orc wizards
  2 bullfrog skeletons
  9 worker ants
  Terence (D:2)
  2 worker ant zombies
  2 howler monkey skeletons
  12 gnolls
  11 adders
  3 shadow imps
  An adder zombie (D:7)
  An adder skeleton (D:3)
  A worm (D:3)
  2 dart slugs
  5 leopard geckos
  35 orcs
  2 ball pythons
  4 giant cockroaches
  7 goblins
  5 hobgoblins
  6 jackals
  14 kobolds
  5 quokkas
  13 bats
  2 frilled lizards (D:1)
  A jackal skeleton (D:9)
  A leopard gecko skeleton (D:4)
  6 rats
  4 plants (D:8)
283 creatures vanquished.

Vanquished Creatures (others)
  An orc wizard (D:8)
  A plant (D:8)
2 creatures vanquished.

Grand Total: 285 creatures vanquished

Notes
Turn   | Place    | Note
-------+----------+-------------------------------------------
     0 | D:1      | DildoBatman the Formicid Wizard began the quest for the Orb.
     0 | D:1      | Reached XP level 1. HP: 13/13 MP: 4/4
    17 | D:1      | Reached skill level 1 in Conjurations
   121 | D:1      | Reached skill level 1 in Fighting
   121 | D:1      | Reached XP level 2. HP: 11/21 MP: 0/6
   434 | D:1      | Reached XP level 3. HP: 17/26 MP: 7/7
   674 | D:1      | Reached skill level 1 in Shields
   966 | D:2      | Found a burning altar of Makhleb.
   992 | D:2      | Noticed Terence
  1234 | D:3      | Reached XP level 4. HP: 28/32 MP: 8/8
  1612 | D:3      | Found a shadowy altar of Dithmenos.
  1779 | D:4      | Noticed Eustachio
  1825 | D:4      | Reached XP level 5. HP: 39/39 MP: 7/9
  2105 | D:4      | Reached skill level 1 in Armour
  2105 | D:4      | Reached skill level 1 in Evocations
  2105 | D:4      | Reached XP level 6. HP: 45/47 MP: 5/10
  2327 | D:4      | Noticed an ice beast
  2622 | D:5      | Entered Level 5 of the Dungeon
  2892 | D:5      | Reached XP level 7. HP: 47/52 MP: 0/11
  3851 | D:6      | Found a staircase to the Ecumenical Temple.
  3857 | Temple   | Entered the Ecumenical Temple
  3992 | Temple   | Became a worshipper of Sif Muna the Loreminder
  3997 | Temple   | Learned a level 2 spell: Slow
  4001 | Temple   | Learned a level 3 spell: Mephitic Cloud
  4004 | Temple   | Learned a level 2 spell: Call Imp
  4080 | D:6      | Noticed Ivernyr's ghost (novice DsSk)
  4324 | D:5      | Reached skill level 1 in Poison Magic
  4324 | D:5      | Reached XP level 8. HP: 47/58 MP: 13/13
  4353 | D:5      | Reached skill level 1 in Hexes
  4744 | D:4      | Killed Eustachio
  4744 | D:4      | Reached skill level 1 in Air Magic
  4857 | D:2      | Killed Terence
  5451 | D:6      | Reached skill level 2 in Hexes
  5555 | D:6      | Reached * piety under Sif Muna
  5621 | D:6      | Reached skill level 5 in Stealth
  5777 | D:6      | Reached XP level 9. HP: 65/65 MP: 15/15
  6116 | D:7      | Found a white marble altar of Elyvilon.
  6333 | D:7      | Noticed Menkaure
  6473 | D:7      | Reached skill level 3 in Hexes
  6810 | D:7      | Killed Menkaure
  6953 | D:7      | HP: 3/66 [poisoned by a killer bee]
  6958 | D:7      | HP: 2/66 [poisoned by a killer bee]
  6965 | D:7      | HP: 2/66 [poisoned by a killer bee]
  6973 | D:7      | HP: 2/66 [poisoned by a killer bee]
  7475 | D:7      | Reached skill level 5 in Shields
  7506 | D:7      | Found a glowing silver altar of Zin.
  7636 | D:8      | Reached skill level 5 in Fighting
  7648 | D:8      | Noticed a two-headed ogre
  7671 | D:7      | Killed a two-headed ogre
  7671 | D:7      | Reached ** piety under Sif Muna
  7671 | D:7      | Reached skill level 5 in Armour
  7671 | D:7      | Reached skill level 4 in Hexes
  7671 | D:7      | Reached skill level 5 in Poison Magic
  7671 | D:7      | Reached XP level 10. HP: 64/74 MP: 10/16
  7718 | D:8      | Reached skill level 5 in Hexes
  7747 | D:8      | Noticed a komodo dragon
  7765 | D:8      | Killed a komodo dragon
  7794 | D:8      | Found a staircase to the Lair.
  8014 | D:8      | Reached skill level 6 in Hexes
  8427 | D:8      | Reached skill level 1 in Polearms
  9047 | D:9      | Reached *** piety under Sif Muna
  9068 | D:9      | Noticed a two-headed ogre
  9083 | D:9      | Killed a two-headed ogre
  9113 | D:9      | Found a glowing golden altar of the Shining One.
  9150 | D:9      | Reached XP level 11. HP: 52/81 MP: 8/17
  9189 | D:9      | Noticed Grum
  9203 | D:9      | Killed Grum
  9786 | D:10     | Entered Level 10 of the Dungeon
  9810 | D:10     | Noticed htuhola's ghost (journeyman DrFE)
 10206 | D:10     | Reached skill level 7 in Hexes
 10573 | D:10     | Reached **** piety under Sif Muna
 10573 | D:10     | Reached skill level 8 in Hexes
 10972 | D:11     | Noticed Urug
 11253 | D:11     | Noticed a purple ugly thing
 11344 | D:11     | Noticed a manticore
 11367 | D:11     | Killed a purple ugly thing
 11367 | D:11     | Reached skill level 9 in Hexes
 11485 | D:11     | You fall through a shaft for 2 floors!
 11485 | D:13     | Noticed a vault guard
 11485 | D:13     | Noticed an ogre mage
 11486 | D:13     | Noticed a vault guard
 11492 | D:13     | Noticed an orc sorcerer
 11502 | D:13     | Noticed a vault guard
 11620 | D:12     | Noticed a two-headed ogre
 11648 | D:12     | Killed a two-headed ogre
 11671 | D:12     | Found a staircase to the Orcish Mines.
 11784 | D:12     | Noticed Nergalle
 11878 | Orc:1    | Entered Level 1 of the Orcish Mines
 12034 | D:12     | Reached skill level 5 in Spellcasting
 12052 | D:12     | Found a shimmering altar of Xom.
 12084 | D:12     | Noticed a two-headed ogre
 12113 | D:12     | Killed a two-headed ogre
 12113 | D:12     | Reached skill level 10 in Hexes
 12113 | D:12     | Reached XP level 12. HP: 88/88 MP: 3/19
 12124 | D:12     | Found a shimmering altar of Xom.
 12124 | D:12     | Found a shimmering altar of Xom.
 12126 | D:12     | Found a shimmering altar of Xom.
 12127 | D:12     | Found a shimmering altar of Xom.
 12405 | D:12     | Reached ***** piety under Sif Muna
 12438 | D:12     | Noticed a two-headed ogre
 12544 | D:12     | Killed a two-headed ogre
 12544 | D:12     | Received a gift from Sif Muna
 12545 | D:12     | Identified Sif Muna's Compendium of Weightlessness (Sif Muna gifted it to you on level 12 of the Dungeon)
 12863 | D:12     | Noticed a yaktaur captain
 13001 | D:10     | Killed from afar by htuhola's ghost

Skill      XL: |  1  2  3  4  5  6  7  8  9 10 11 12 |
---------------+-------------------------------------+-----
Conjurations   | 1 2 3 4 |  4.0
Fighting       | 1 2 3 4 5 6 |  6.1
Shields        | 2 3 4 5 6 9 |  9.0
Dodging        | 2 3 |  3.0
Armour         | 1 2 3 4 5 |  5.4
Stealth        | 3 4 5 |  5.0
Evocations     | 1 2 4 |  4.0
Poison Magic   | 1 2 5 8 9 |  9.9
Hexes          | 2 4 6 10 | 10.1
Air Magic      | 1 3 4 |  4.1
Spellcasting   | 4 5 6 |  6.0
Polearms       | 3 |  3.6
Summonings     | |  1.0
Translocations | |  0.8

Action                   |  1- 3 |  4- 6 |  7- 9 | 10-12 || total
-------------------------+-------+-------+-------+-------++-------
Melee: Unarmed           |    14 |       |       |       ||    14
       Dagger            |    96 |   111 |   162 |    27 ||   396
       Mace              |       |     3 |       |       ||     3
       Spear             |       |     3 |   222 |   798 ||  1023
       Trident           |       |       |       |   199 ||   199
 Cast: Magic Dart        |    31 |    43 |    37 |     2 ||   113
       Slow              |       |       |    16 |    45 ||    61
       Mephitic Cloud    |       |       |     2 |    57 ||    59
Invok: Divine Energy     |       |       |       |     1 ||     1
       Stop Divine Energ |       |       |       |     1 ||     1
 Abil: Dig               |     1 |     2 |     8 |    26 ||    37
Evoke: Wand              |       |       |     1 |       ||     1
  Use: Scroll            |       |       |       |     4 ||     4
       Potion            |       |       |       |     1 ||     1
 Stab: Sleeping          |     1 |     1 |     1 |     4 ||     7
       Paralysed         |       |       |     3 |       ||     3
       Confused          |       |       |     2 |    30 ||    32
  Eat: Chunk             |     1 |     6 |    13 |    24 ||    44
       Ration            |       |       |     1 |       ||     1
Armor: Robe              |    13 |       |       |       ||    13
       Leather armour    |    14 |       |       |       ||    14
       Ring mail         |    22 |    54 |   131 |   119 ||   326
       Troll leather arm |       |       |       |    64 ||    64
Dodge: Dodged            |    83 |    42 |   192 |   275 ||   592
Block: Buckler           |    13 |    25 |    70 |    54 ||   162
       Shield            |       |       |       |   139 ||   139
